Map: Kairos Junction LE

Players

HellraiseR

  • Race: Protoss Protoss
  • League: Master
  • Spawn Location: 11:00

IIIIlIIIIlII - Winner!

  • Race: Terran Terran
  • League: Master
  • Spawn Location: 5:00

VOD

Have the link to the VOD?

Description

Time

  • Played on: Aug. 9, 2019, 1:50 p.m.
  • Length: 14:03
Show
View Real Time Build Order
Export as new Build Order

HellraiseR Protoss 

Build Orders: 1 Gate Expand, Colossus Rush 

Get SALT Encoding   

  12  0:01  Probe  
  13  0:13  Probe  
  14  0:17  Pylon  
  14  0:24  Probe  
  15  0:32  Probe  
  15  0:38  Gateway  
  15  0:40  Probe  
  16  0:47  Assimilator  
  17  0:52  Probe  
  18  1:05  Probe  
  19  1:17  Probe  
  20  1:24  Nexus  
  20  1:33  Cybernetics Core  
  20  1:36  Probe  
  21  1:41  Assimilator  
  21  1:48  Probe  
  21  1:51  Pylon  
  22  1:59  Probe, Stalker  
  23  2:07  Probe  
  23  2:09  Warp Gate  
  26  2:15  Probe  
  27  2:26  Probe  
  27  2:29  Stalker  
  30  2:31  Probe  
  31  2:38  Probe  
  31  2:40  Robotics Facility, Probe  
  33  2:50  Probe x2  
  35  2:59  Stalker  
  35  3:01  Probe  
  35  3:03  Probe  
  39  3:09  Probe  
  39  3:10  Gateway  
  39  3:15  Probe  
  39  3:17  Probe  
  39  3:18  Gateway  
  41  3:25  Pylon  
  42  3:27  Probe  
  42  3:28  Probe, Observer  
  45  3:39  Assimilator, Probe  
  45  3:40  Probe  
  46  3:45  Pylon  
  46  3:48  Probe  
  47  3:49  Assimilator  
  47  3:51  Probe, Observer  
  47  3:53  Robotics Bay  
  50  3:57  Probe  
  50  4:02  Stalker  
  53  4:03  Probe  
  53  4:07  Stalker  
  57  4:10  Probe  
  57  4:12  Pylon  
  57  4:14  Stalker  
  57  4:15  Probe  
  57  4:16  Observer  
  61  4:22  Probe  
  62  4:29  Colossus  
  62  4:34  Probe  
  63  4:39  Probe  
  70  4:46  Twilight Council, Forge  
  70  4:55  Nexus  
  70  5:01  Extended Thermal Lance  
  70  5:07  Colossus, Pylon  
  70  5:15  Pylon  
  70  5:26  Probe  
  70  5:27  Probe  
  70  5:28  Protoss Ground Armor Level 1  
  78  5:33  Charge  
  78  5:38  Gateway  
  78  5:39  Gateway  
  78  5:42  Probe x2, Gateway  
  80  5:49  Gateway  
  80  5:50  Gateway  
  80  5:56  Sentry x2, Zealot, Observer  
  86  5:58  Pylon  
  86  6:06  Warp Prism  
  88  6:11  Photon Cannon  
  88  6:18  Probe x2  
  88  6:22  Probe  
  91  6:30  Probe  
  91  6:31  Stalker x2  
  96  6:35  Colossus  
  96  6:38  Probe  
  95  6:41  Probe  
  99  6:48  Probe, Blink  
  99  6:54  Probe  
  98  7:00  Probe  
  98  7:03  Zealot x5  
  98  7:05  Pylon  
  98  7:06  Probe  
  98  7:07  Probe, Pylon  
  106  7:15  Protoss Ground Armor Level 2  
  106  7:17  Probe  
  106  7:19  Probe  
  105  7:24  Stalker  
  105  7:27  Probe  
  105  7:29  Probe  
  107  7:31  Probe  
  108  7:39  Probe  
  108  7:41  Probe  
  110  7:45  Zealot x3  
  110  7:50  Zealot x2  
  119  7:56  Probe  
  120  8:00  Stalker x2  
  120  8:02  Probe  
  120  8:04  Probe  
  123  8:08  Probe  
  123  8:17  Photon Cannon  
  123  8:20  Photon Cannon  
  123  8:22  Templar Archives  
  123  8:24  Probe  
  124  8:37  Pylon  
  124  8:39  Pylon  
  124  8:40  Pylon  
  100  8:48  Zealot x3  
  100  8:49  Zealot x4  
  100  8:50  Probe  
  100  8:51  Probe  
  100  8:52  Probe  
  115  8:59  Stalker  
  115  9:02  Probe  
  116  9:07  Observer  
  113  9:11  Probe  
  113  9:16  High Templar x4  
  107  9:17  High Templar x2  
  107  9:18  Zealot  
  107  9:19  Immortal  
  107  9:21  Archon  
  107  9:22  Archon x2  
  113  9:30  Protoss Ground Weapons Level 1  
  117  9:32  Probe  
  117  9:34  Assimilator x2, Nexus  
  117  9:37  Pylon  
  116  9:53  Zealot x6  
  116  9:54  Zealot  
  130  10:02  Observer  
  131  10:07  Zealot  
  130  10:15  Zealot  
  130  10:16  Zealot x6  
  131  10:21  Probe  
  131  10:22  Probe  
  131  10:23  Probe  
  124  10:33  Probe  
  124  10:34  Probe  
  122  10:36  Probe  
  122  10:41  Assimilator  
  123  10:43  Assimilator  
  123  10:45  High Templar x3, Probe  
  123  10:46  High Templar, Probe  
  133  10:54  Zealot x2  
  133  10:55  Zealot x2  
  133  10:56  Archon x2  
  128  11:09  Probe  
  100  11:14  Probe x2  
  100  11:16  Observer  
  81  11:21  Probe  
  74  11:27  Stalker x7  
  74  11:30  Observer  
  90  11:39  Photon Cannon  
  88  11:54  Zealot x7  
  88  11:55  Sentry, Warp Prism  
  106  12:11  Probe x2  
  106  12:22  Zealot  
  85  12:39  Stalker x3  
  85  12:40  Stalker x2  
  80  12:57  Observer x2  
  72  13:00  Stalker x3  
  45  13:28  Stalker  
  33  13:42  Stalker  
  33  13:43  Stalker  
Show
View Real Time Build Order
Export as new Build Order

IIIIlIIIIlII Terran - Winner!

Build Orders: Reaper Expand, Banshee Rush 

Get SALT Encoding   

  12  0:01  SCV  
  13  0:13  SCV  
  14  0:17  Supply Depot  
  14  0:25  SCV  
  15  0:38  SCV  
  15  0:40  Barracks  
  16  0:44  Refinery  
  16  0:51  SCV  
  17  1:03  SCV  
  18  1:15  SCV  
  19  1:28  Reaper  
  19  1:29  Orbital Command  
  20  1:40  Command Center  
  20  1:54  SCV  
  20  2:00  Marine  
  22  2:04  Supply Depot  
  22  2:06  SCV  
  23  2:09  Factory  
  23  2:22  Refinery, Barracks Reactor  
  23  2:25  SCV  
  24  2:37  SCV  
  25  2:50  SCV  
  26  2:54  Orbital Command, Starport  
  26  3:02  SCV  
  26  3:04  Hellion  
  26  3:05  Hellion, Barracks Tech Lab  
  31  3:14  SCV  
  32  3:20  SCV  
  32  3:26  Hellion x2, SCV  
  38  3:32  SCV  
  39  3:35  Cloaking Field  
  39  3:36  Banshee  
  39  3:38  Supply Depot  
  39  3:39  SCV  
  43  3:44  SCV  
  44  3:53  SCV  
  42  3:56  SCV, Factory Tech Lab  
  42  3:57  Marine x2  
  42  4:00  Supply Depot  
  45  4:05  SCV  
  45  4:08  SCV  
  47  4:15  Marine x2  
  49  4:17  Supply Depot, SCV  
  49  4:19  Banshee  
  49  4:20  SCV  
  49  4:21  Siege Tank  
  57  4:24  Bunker  
  57  4:25  Supply Depot  
  51  4:32  SCV  
  51  4:33  Marine x2, SCV  
  55  4:40  Supply Depot  
  55  4:44  SCV  
  55  4:45  SCV  
  57  4:51  Marine x2  
  59  4:53  Siege Tank  
  59  4:59  SCV x2  
  64  5:02  Banshee  
  67  5:09  Marine x2  
  67  5:12  Refinery  
  67  5:13  SCV x2  
  71  5:16  Refinery  
  71  5:17  Engineering Bay  
  71  5:22  Command Center  
  71  5:25  SCV x2  
  71  5:27  Marine x2  
  75  5:29  Siege Tank  
  75  5:32  Barracks  
  78  5:37  Supply Depot  
  78  5:40  SCV x2  
  80  5:44  Marine x2, Banshee  
  85  5:53  Barracks, SCV  
  86  5:57  Supply Depot  
  86  5:58  Supply Depot  
  86  5:59  SCV  
  86  6:02  Terran Infantry Weapons Level 1  
  86  6:03  Marine  
  86  6:04  Marine  
  88  6:06  Siege Tank  
  88  6:10  SCV  
  88  6:11  SCV  
  94  6:12  Supply Depot  
  94  6:20  Barracks Tech Lab  
  94  6:23  SCV x2  
  96  6:27  Marine x2, Banshee  
  101  6:35  SCV x2  
  101  6:36  Orbital Command  
  101  6:37  Barracks  
  101  6:38  Siege Tank  
  101  6:39  Marine x2  
  107  6:41  Stimpack  
  107  6:44  Marine  
  107  6:45  Marine  
  110  6:48  SCV x2  
  109  6:58  Supply Depot  
  109  7:00  SCV x2  
  112  7:02  Marine  
  112  7:03  Marine  
  112  7:06  Barracks Reactor  
  110  7:08  Marine  
  110  7:10  Barracks, Siege Tank  
  110  7:13  SCV x2  
  110  7:15  SCV  
  117  7:16  Banshee  
  117  7:20  Marine  
  117  7:21  Marine  
  122  7:25  SCV x2  
  122  7:26  Marine  
  122  7:27  SCV  
  127  7:32  Supply Depot  
  127  7:36  Supply Depot  
  126  7:38  Marine x2  
  126  7:40  Armory, Barracks Reactor  
  126  7:43  SCV x3  
  126  7:44  Marine, Barracks  
  131  7:45  Marine  
  131  7:46  Barracks  
  131  7:47  Siege Tank  
  131  7:49  Marine  
  134  7:56  Marine x2  
  134  7:58  Barracks Reactor  
  136  7:59  Banshee  
  136  8:00  Supply Depot  
  136  8:02  Marine, Supply Depot  
  136  8:03  Refinery  
  136  8:04  Supply Depot, Refinery  
  137  8:05  Marine  
  137  8:06  Marine  
  139  8:13  SCV x2  
  139  8:14  SCV  
  139  8:15  Marine x2  
  139  8:16  Marine x2  
  139  8:19  Siege Tank  
  149  8:20  Marine  
  149  8:23  Marine  
  149  8:24  Marine  
  152  8:28  Supply Depot  
  152  8:29  Supply Depot  
  152  8:32  Barracks Reactor  
  152  8:33  Marine x4, Terran Vehicle Weapons Level 1  
  156  8:35  Barracks Reactor  
  153  8:41  Marine, Combat Shield  
  153  8:42  Marine  
  153  8:43  Marine  
  153  8:45  Marine x2  
  139  8:51  Marine x2, Siege Tank  
  141  8:56  Terran Infantry Weapons Level 2  
  141  8:57  Banshee  
  141  8:58  Marine x2  
  141  8:59  Marine  
  147  9:05  Marine  
  147  9:07  Marine  
  147  9:08  Marine x2  
  145  9:13  Marine x3  
  145  9:14  Marine x2  
  145  9:16  Marine x3  
  143  9:20  Supply Depot, Factory  
  143  9:22  Supply Depot  
  146  9:25  Marine x2, Siege Tank  
  146  9:28  Marine x3  
  151  9:33  Marine x3  
  151  9:34  Marine  
  155  9:39  Marine x2  
  155  9:40  Marine  
  155  9:42  Marine  
  155  9:44  Banshee  
  161  9:47  Command Center, Starport  
  161  9:48  Marine x2  
  161  9:49  Marine  
  164  9:57  Marine x3  
  164  9:58  Marine x3  
  164  9:59  Siege Tank  
  173  10:03  Marine  
  173  10:04  Marine x3  
  173  10:06  Marine x3  
  162  10:15  Marine x4  
  162  10:17  Marine x2  
  161  10:21  Marine  
  161  10:22  Marine x2  
  161  10:23  Marine  
  161  10:24  Marine  
  161  10:25  Medivac  
  141  10:31  Marine, Siege Tank  
  141  10:33  Banshee  
  148  10:35  Marine  
  148  10:36  Marine x2  
  148  10:38  Marine  
  148  10:41  Marine x2  
  154  10:43  Marine x3  
  154  10:45  Marine  
  158  10:52  Marine  
  158  10:53  Marine x2  
  158  10:55  Medivac  
  163  10:59  Marine  
  163  11:01  Marine x2  
  163  11:02  Marine  
  163  11:03  Marine, Siege Tank  
  165  11:06  Marine x2  
  154  11:17  Marine x2  
  122  11:21  Marine x2  
  122  11:22  Marine  
  122  11:23  Marine x2  
  103  11:26  Starport Tech Lab, Banshee  
  103  11:29  Marine x2  
  103  11:31  Planetary Fortress  
  107  11:33  SCV x2  
  107  11:35  Terran Infantry Armor Level 1  
  107  11:36  Marine x2  
  111  11:44  Marine x5, Siege Tank  
  111  11:45  Marine  
  120  11:48  Marine x2  
  120  11:51  Marine  
  120  11:53  Marine x2  
  120  11:54  Marine, Banshee  
  122  11:58  Marine  
  127  12:02  Marine x4  
  127  12:04  Marine x2  
  133  12:13  Marine x3  
  133  12:15  Marine x2  
  138  12:16  Siege Tank  
  138  12:17  Marine x2  
  138  12:19  Marine  
  138  12:20  Marine x3  
  138  12:22  Marine  
  136  12:30  Marine  
  136  12:31  Marine, Banshee  
  136  12:34  Marine  
  136  12:35  Marine x2  
  139  12:41  Marine x2  
  139  12:42  Marine x2  
  142  12:45  Marine  
  142  12:47  Marine  
  142  12:48  Siege Tank  
  142  12:50  Marine  
  138  12:52  Marine  
  138  12:53  Marine x3  
  138  12:55  Marine  
  138  12:57  Marine  
  138  12:58  Banshee  
  122  12:59  Marine  
  122  13:02  Marine x2  
  122  13:03  Marine  
  122  13:04  Marine  
  117  13:09  Marine x2  
  117  13:10  Marine  
  117  13:11  Marine x2  
  101  13:14  Marine x2  
  101  13:16  Marine  
  101  13:17  Marine  
  95  13:20  Marine, Siege Tank, Raven  
  95  13:22  Marine x2  
  95  13:25  Marine  
  95  13:26  Marine  
  95  13:27  Marine  
  95  13:28  Marine x2  
  95  13:29  Marine  
  95  13:31  Marine  
  95  13:32  Marine  
  97  13:37  Marine  
  97  13:38  Marine  
  97  13:40  Marine x2  
  94  13:43  Marine  
  94  13:44  Marine x2  
Tags
 
Add a new tag
Caveats
  • Supply blocks, unpowered buildings, or Contaminate may cause inaccurate times.
  • Supply counts are checked every 10 seconds.